 Dungeon Crawl Stone Soup version 0.21.1-1-g345015f (webtiles) character file.

16 Mgcat the Insei (level 2, -7/23 HPs)
             Began as a Gnoll Transmuter on Mar 21, 2018.
             Mangled by Natasha (8 damage)
             ... on level 2 of the Dungeon.
             The game lasted 00:01:01 (350 turns).

Mgcat the Insei (Gnoll Transmuter)                   Turns: 350, Time: 00:01:02

Health: -7/23      AC:  2    Str: 12    XL:     2   Next: 58%
Magic:  7/7        EV: 14    Int: 15    God:
Gold:   13         SH:  0    Dex: 15    Spells: 9/10 levels left

rFire    . . .     SeeInvis .     - Unarmed
rCold    . . .     Gourm    .   (no shield)
rNeg     . . .     Faith    .   b - +0 robe
rPois    .         Spirit   .   (no helmet)
rElec    .         Reflect  .   (no cloak)
rCorr    .         Harm     .   (no gloves)
MR       .....                  (boots currently unavailable)
Stlth    ++........             (no amulet)
HPRegen  0.07/turn              (no ring)
MPRegen  0.10/turn              (no ring)

@: appendage (expiring), slowed, very slow
A: distributed training, fangs 1, talons 3, strong nose
a: End Transformation


You were on level 2 of the Dungeon.
You were not hungry.
You had grown temporary talons.
You visited 1 branch of the dungeon, and saw 2 of its levels.

You collected 13 gold pieces.

Inventory:

Missiles
 a - 17 arrows
Armour
 b - a +0 robe (worn)
Scrolls
 e - a scroll of blinking {unknown}
 g - a scroll of identify {unknown}
Potions
 f - a potion of brilliance {unknown}
 i - a potion of lignification {unknown}
 j - a potion of heal wounds {unknown}
Books
 c - a book of Changes
Comestibles
 d - a ration
 h - a chunk of flesh {@w0}


   Skills:
 + Level 2.5 Fighting
 + Level 0.4 Short Blades
 + Level 0.4 Long Blades
 + Level 0.4 Axes
 + Level 0.4 Maces & Flails
 + Level 0.4 Polearms
 + Level 0.4 Staves
 + Level 0.4 Slings
 + Level 0.4 Bows
 + Level 0.4 Crossbows
 + Level 0.4 Throwing
 + Level 0.4 Armour
 + Level 4.5 Dodging
 + Level 0.4 Stealth
 + Level 0.4 Shields
 + Level 6.5 Unarmed Combat
 + Level 4.9 Spellcasting
 + Level 0.2 Conjurations
 + Level 0.2 Hexes
 + Level 0.2 Charms
 + Level 0.2 Summonings
 + Level 0.2 Necromancy
 + Level 0.2 Translocations
 + Level 3.7 Transmutations
 + Level 0.2 Fire Magic
 + Level 0.2 Ice Magic
 + Level 0.2 Air Magic
 + Level 0.2 Earth Magic
 + Level 0.2 Poison Magic
 + Level 0.5 Invocations
 + Level 0.4 Evocations


You had 9 spell levels left.
You knew the following spells:

 Your Spells              Type           Power        Failure   Level  Hunger
a - Beastly Appendage     Tmut           ##....       3%          1    None


Dungeon Overview and Level Annotations

Branches:
Dungeon (2/15)

Altars:

Annotations:
D:2 Natasha


Innate Abilities, Weirdness & Mutations

Your experience applies equally to all skills.
You have very sharp teeth.
Your uncanny sense of smell can sniff out nearby items.
You have claws for feet.


Message History

You barely miss the bat. Your kick misses the bat. Your bite misses the bat.
The bat is moderately wounded.
The bat barely misses you.
You hit the bat.
You kill the bat!
No target in view!
No target in view!
You butcher the bat corpse.
h - 4 chunks of flesh {@w0} (gained 1)
Your transformation is almost over.
Your talons disappear.
Found a stone staircase leading down.
There is a stone staircase leading down here.
You climb downwards.
A bat comes into view.
There is a stone staircase leading up here.
Casting: Beastly Appendage
Confirm with . or Enter, or press ? or * to list all spells.
You grow a pair of large bovine horns.
The helpless bat fails to defend itself.
You punch the bat!
You kill the bat!
No target in view!
No target in view!
Your transformation is almost over.
Magic restored.
j - a fuming pink potion You see here 13 poisoned needles.
You see here 13 sling bullets.
Your horns disappear.
A bat and a kobold come into view.
The kobold shouts!
You hear an angry hiss.
An adder comes into view.
The kobold hits you with a whip.
Casting: Beastly Appendage
Confirm with . or Enter, or press ? or * to list all spells.
You grow a pair of large bovine horns.
The kobold hits you but does no damage. The kobold completely misses you.
The bat hits you. The bat misses you. The bat hits you but does no damage.
You miss the bat. Your headbutt misses the bat. The bat misses you.
The bat completely misses you.
You hit the bat but do no damage. The bat completely misses you.
You closely miss the bat.
You kill the bat!
The adder bites you but does no damage.
You hit the adder but do no damage. The adder bites you.
You barely miss the adder. The adder bites you but does no damage.
You barely miss the adder. Your headbutt misses the adder.
The adder closely misses you.
You barely miss the adder. Your headbutt misses the adder.
Your bite misses the adder. The adder bites you.
You punch the adder!
The adder is severely wounded.
The adder misses you. x2
You closely miss the adder. You headbutt the adder. Your bite misses the adder.
The adder is almost dead.
The adder closely misses you.
You punch the adder!
You kill the adder!
You have reached level 2!
You hit the kobold.
You kill the kobold!
You see here a whip.
Your transformation is almost over.
Your horns disappear.
HP restored.
Some of the chunks of flesh in your inventory have rotted away.
A quokka comes into view.
Casting: Beastly Appendage
Confirm with . or Enter, or press ? or * to list all spells.
Your feet morph into talons.
You hit the quokka.
You kill the quokka!
Marking area around Natasha as unsafe for travelling.
Natasha, Servant of Life and Death comes into view.
Natasha hisses angrily.
Natasha casts a spell.
You see here a quokka corpse.
Unknown command.
Natasha mumbles some strange words.
Natasha's front paws start to glow.
Natasha casts a spell at you.
You feel yourself slow down.
Your transformation is almost over.
The shadow imp closely misses you. Natasha closely misses you.
The shadow imp hits you. Natasha misses you.
You barely miss Natasha. You claw Natasha, but do no damage.
The shadow imp hits you. Natasha claws you!
* * * LOW HITPOINT WARNING * * *
The shadow imp hits you but does no damage.
Casting: Beastly Appendage
Confirm with . or Enter, or press ? or * to list all spells.
You don't know that spell.
You punch Natasha!
Natasha is moderately wounded.
Natasha completely misses you. The shadow imp hits you.
* * * LOW HITPOINT WARNING * * *
Natasha claws you!
You die...

#.##.###........#
#.##............#
#.......#.......#
######.##.......#
##.†.#.......#
##............#
#.............#
#.............#
##.....5@####(#
##.....h#
#....#.# #.#.##.#
#.## #.# # ...
... ###


You could see Natasha and a shadow imp.

Vanquished Creatures
  An adder (D:2)
  2 giant cockroaches (D:1)
  A quokka (D:2)
  4 bats
  A kobold (D:2)
9 creatures vanquished.

Notes
Turn   | Place    | Note
-------+----------+-------------------------------------------
     0 | D:1      | Mgcat the Gnoll Transmuter began the quest for the Orb.
     0 | D:1      | Reached XP level 1. HP: 17/17 MP: 6/6
   266 | D:2      | Reached XP level 2. HP: 15/23 MP: 7/7
   344 | D:2      | Noticed Natasha
   349 | D:2      | HP: 4/23 [Natasha (8)]
   350 | D:2      | HP: 1/23 [shadow imp[Natasha] (3)]
   350 | D:2      | Mangled by Natasha

Action                   || total
-------------------------++-------
Melee: Unarmed           ||    28
       Kick              ||     5
       Headbutt          ||     2
       Bite              ||     2
 Cast: Beastly Appendage ||     5
 Stab: Sleeping          ||     1
Armor: Robe              ||     9
Dodge: Dodged            ||    26

Vault maps used:
D:1:      dpeg_arrival_leaves_temple_mockup
D:2:      nicolae_dithmenos_shadow_blocks, uniq_natasha

Table legend:
 A = Turns spent in this place as a percentage of turns spent in the entire game.
 B = Non-inter-level travel turns spent in this place as a percentage of non-inter-level travel turns spent in the entire game.
 C = Inter-level travel turns spent in this place as a percentage of turns spent in this place.
 D = Turns resting spent in this place as a percentage of non-inter-level travel turns spent in this place.
 E = Turns spent auto-exploring this place as a percentage of non-inter-level travel turns spent in this place.
 F = Non-inter-level travel turns spent in this place divided by the number of levels of this place that you've seen.
                   A       B       C       D       E      F
               +-------+-------+-------+-------+-------+----------------------
         Total | 100.0 | 100.0 |   0.0 |   0.0 |  78.6 | 175.0
       Dungeon | 100.0 | 100.0 |   0.0 |   0.0 |  78.6 | 175.0
               +-------+-------+-------+-------+-------+----------------------

Table legend:
 A = Kills in this place as a percentage of kills in entire the game.
 B = Kills by you in this place as a percentage of kills by you in the entire game.
 C = Kills by friends in this place as a percentage of kills by friends in the entire game.
 D = Other kills in this place as a percentage of other kills in the entire game.
 E = Experience gained in this place as a percentage of experience gained in the entire game.
 F = Experience gained in this place divided by the number of levels of this place that you have seen.
                   A       B       C       D       E      F
               +-------+-------+-------+-------+-------+----------------------
         Total | 100.0 | 100.0 |   N/A |   N/A | 100.0 |  12.0
       Dungeon | 100.0 | 100.0 |   N/A |   N/A | 100.0 |  12.0
               +-------+-------+-------+-------+-------+----------------------
